 Dungeon Crawl Stone Soup version 0.22-b1-26-g9dbaab1 (webtiles) character file.

1330 glosham the Fighter (level 8, -7/60 HPs)
             Began as a Gargoyle Abyssal Knight on Aug 8, 2018.
             Was a Believer of Lugonu.
             Shot with a bolt by an orc warrior (24 damage)
             ... in a bailey.
             The game lasted 00:41:04 (1827 turns).

glosham the Fighter (Gargoyle Abyssal Knight)       Turns: 1827, Time: 00:41:05

Health: -7/60      AC: 19    Str: 18    XL:     8   Next: 60%
Magic:  18/18      EV:  5    Int: 17    God:    Lugonu [**....]
Gold:   211        SH:  0    Dex: 11    Spells: 7/7 levels left

rFire    . . .     SeeInvis +   a - +10 glaive of Goysug {protect, *Slow MP+9 Int+4 Dex+2}
rCold    . . .     Gourm    .   (shield currently unavailable)
rNeg     + . .     Faith    .   A - +0 plate armour
rPois    ∞         Spirit   .   (no helmet)
rElec    +         Reflect  .   (no cloak)
rCorr    .         Harm     .   (no gloves)
MR       .....                  j - +1 pair of boots
Stlth    ..........             (no amulet)
HPRegen  0.20/turn              z - ring of see invisible
MPRegen  0.16/turn              (no ring)

@: no status effects
A: negative energy resistance 1, electricity resistance, unbreathing,
petrification resistance, rot immunity, AC +5
a: Depart the Abyss, Bend Space, Renounce Religion


You were in a bailey.
You worshipped Lugonu.
Lugonu was pleased with you.
You were hungry.

You visited 1 branch of the dungeon, and saw 7 of its levels.
You visited the Abyss 1 time.
You also visited: Ossuary and Bailey.

You collected 211 gold pieces.

Inventory:

Hand Weapons
 a - the +10 glaive of Goysug (weapon) {protect, *Slow MP+9 Int+4 Dex+2}
   (You acquired it in an ossuary)

   It protects the one who uses it against injury (+AC on strike).
   It affects your intelligence (+4).
   It affects your dexterity (+2).
   It affects your magic capacity (+9).
   It may slow you when you take damage.
 b - the +5 mace "Dinus" {crush, Dex+2}
   (You found it on level 5 of the Abyss)

   It inflicts extra damage upon your enemies.
   It affects your dexterity (+2).
 q - a +2 hand axe
 r - a +0 war axe
 s - a +0 scythe
 B - a +0 war axe
 G - a +1 hand axe of flaming
 J - a +0 shortbow
Missiles
 g - 174 stones
 h - 73 arrows
 n - 4 javelins (quivered)
 u - a throwing net
 D - 2 bolts
Armour
 f - a +0 chain mail
 j - a +1 pair of boots (worn)
 v - a +0 ring mail
 A - a +0 plate armour (worn)
Magical Staves
 k - an uncursed staff of earth
Jewellery
 z - a ring of see invisible (left hand)
Wands
 l - a wand of enslavement (4)
 p - a wand of random effects (20)
Scrolls
 d - a scroll of fear
 x - a scroll of magic mapping
 y - a scroll of enchant weapon
 E - a scroll of fog
 I - a scroll of remove curse
Potions
 e - 4 potions of curing
 i - 6 potions of brilliance
 m - a potion of flight {unknown}
 o - a potion of lignification {unknown}
 t - a potion of heal wounds
 w - a potion of berserk rage {!q}
 C - a potion of mutation {unknown}
 F - a potion of resistance {unknown}
 H - a potion of magic {unknown}
Comestibles
 c - 11 rations
 K - 3 chunks of flesh


   Skills:
 - Level 11.0 Fighting
 - Level 1.7 Axes
 * Level 3.9 Armour
 - Level 0.7 Dodging
 - Level 2.0 Invocations


You had 7 spell levels left.
You didn't know any spells.
Your spell library was empty.

Dungeon Overview and Level Annotations

Branches:
Dungeon (7/15)
 Temple: D:4-7

Altars:
The Shining One

Shops:
D:4 }   D:6 %


Innate Abilities, Weirdness & Mutations

You are resistant to torment.
Your stone body is resilient. (AC +5)
You are immune to poison.
You resist negative energy. (rN+)
You are resistant to electric shocks. (rElec)
You can survive without breathing.
You are immune to petrification.
You are immune to rotting.


Message History

Things that are here:
an arbalest; 13 bolts; a ring mail
Found a gate leading back out of this place.
Attack whom?
Press: ? - help, Dir - move target cursor, p - orc warrior You can't see that place. [some deep water.]
Okay, then.
Unknown command.
Unknown command.
Evoke which item? (* to show all) (? for menu, Esc to quit)
Attack whom?
Press: ? - help, Dir - move target cursor, f/p - orc warrior
Aim: an orc warrior, wielding an arbalest, wearing a scale mail and quivering 17 bolts (in your thrall, friendly)
You reach to attack!
Really attack your orc warrior?
You closely miss your orc warrior.
The orc warrior is no longer charmed.
The orc warrior shoots a bolt.
The bolt hits you but does no damage.
The orc warrior shoots a bolt.
The bolt hits you!
Attack whom?
Press: ? - help, Dir - move target cursor, f/p - orc warrior
Aim: an orc warrior, wielding an arbalest and wearing a scale mail You reach to attack!
You barely miss the orc warrior.
The orc warrior shoots a bolt.
The bolt hits you!
Attack whom?
Press: ? - help, Dir - move target cursor, f/p - orc warrior
Aim: an orc warrior, wielding an arbalest and wearing a scale mail You reach to attack!
You slash the orc warrior!
Your weapon exudes an aura of protection.
The orc warrior is heavily wounded.
The orc warrior shoots a bolt.
The bolt barely misses you.
You hear a shout!
Attack whom?
Press: ? - help, Dir - move target cursor, f/p - orc warrior
Aim: an orc warrior, wielding an arbalest and wearing a scale mail (heavily wounded)
You reach to attack!
Your plate armour prevents you from hitting the orc warrior.
The orc warrior is heavily wounded.
The orc warrior shoots a bolt.
The bolt hits you!!
You die...

...........#
............#
............#
...........# .
≈≈≈≈.......#
≈≈# #≈≈......#
≈#∩.##≈......#
≈..^.o≈......#
#.##≈@..)..#
#≈≈......#
≈≈≈≈≈.......#
...........((#
............(#
...........(.#
.............#
...........∩.#
........∩#


You could see an orc warrior.

Vanquished Creatures
  Sigmund (D:5)
  2 sky beasts (D:5)
  An ice beast (D:2)
  An orc warrior (D:7)
  A necrophage (D:5)
  An ogre (D:5)
  A centaur (D:7)
  A wight (D:7)
  A crimson imp (D:5)
  3 human zombies (Ossuary)
  2 orc priests (D:5)
  An orc wizard (D:4)
  Jessica (D:2)
  An iguana (D:6)
  A worker ant (D:4)
  2 big kobold zombies (Ossuary)
  3 mummies (Ossuary)
  A howler monkey zombie (D:6)
  3 gnolls (D:3)
  A shadow imp (D:7)
  2 oozes
  3 worms (D:2)
  3 leopard geckos
  10 orcs
  2 ball pythons
  A giant cockroach (D:4)
  5 goblins
  3 hobgoblins
  A quokka (D:4)
  A ball python skeleton (D:4)
  A bat (D:1)
  5 frilled lizards
  A hobgoblin zombie (Ossuary)
  2 kobolds
  A kobold zombie (Ossuary)
  An orc zombie (Ossuary)
  A quokka skeleton (D:5)
  2 rats (D:2)
74 creatures vanquished.

Vanquished Creatures (collateral kills)
  2 wights (D:7)
  An adder (D:5)
  An orc (D:5)
4 creatures vanquished.

Vanquished Creatures (others)
  A sky beast (D:5)
  2 starspawn tentacles (Abyss:5)
3 creatures vanquished.

Grand Total: 81 creatures vanquished

Notes
Turn   | Place    | Note
-------+----------+-------------------------------------------
     0 | Abyss:1  | glosham the Gargoyle Abyssal Knight began the quest for the Orb.
     0 | Abyss:1  | Reached XP level 1. HP: 14/14 MP: 2/2
    23 | Abyss:1  | Noticed a large abomination
    31 | Abyss:1  | Noticed a fire bat
   116 | Abyss:3  | Noticed an apocalypse crab
   138 | Abyss:5  | Entered Level 5 of the Abyss
   146 | Abyss:5  | Noticed a bone dragon
   151 | Abyss:5  | Noticed a lich
   161 | Abyss:5  | Noticed a tentacled starspawn
   177 | Abyss:5  | Got a transparent mace
   178 | Abyss:5  | Identified the +5 mace "Dinus" {crush, Dex+2} (You found it on level 5 of the Abyss)
   182 | Abyss:5  | Noticed a reaper
   182 | D:1      | Escaped the Abyss
   282 | D:2      | Reached XP level 2. HP: 20/20 MP: 3/3
   301 | D:2      | Noticed Jessica
   305 | D:2      | Reached skill level 4 in Fighting
   307 | D:2      | Killed Jessica
   307 | D:2      | Reached XP level 3. HP: 17/25 MP: 4/4
   308 | D:2      | Reached * piety under Lugonu
   313 | D:2      | Noticed an ice beast
   333 | D:2      | Killed an ice beast
   333 | D:2      | Reached skill level 6 in Fighting
   333 | D:2      | Reached XP level 4. HP: 8/32 MP: 5/5
   333 | D:2      | Reached XP level 5. HP: 9/36 MP: 6/6
   356 | D:2      | Found a glowing golden altar of the Shining One.
   676 | D:4      | Found Kyvoshen's Gadget Boutique.
   711 | D:5      | Entered Level 5 of the Dungeon
   730 | D:5      | Noticed a sky beast
   731 | D:5      | Noticed a necrophage
   754 | D:5      | Killed a necrophage
   754 | D:5      | Reached skill level 7 in Fighting
   754 | D:5      | Reached XP level 6. HP: 30/44 MP: 7/7
   764 | D:5      | Noticed a sky beast
   774 | D:5      | Killed a sky beast
   774 | D:5      | Reached skill level 8 in Fighting
   867 | D:5      | Noticed Sigmund
   873 | D:5      | Killed Sigmund
   873 | D:5      | Reached XP level 7. HP: 50/50 MP: 8/8
   938 | D:6      | Reached skill level 9 in Fighting
   952 | D:6      | Found Waxyeb's Food Shop.
  1057 | D:4      | Reached ** piety under Lugonu
  1116 | D:3      | Reached skill level 10 in Fighting
  1286 | D:4      | Reached XP level 8. HP: 50/57 MP: 9/9
  1573 | D:7      | Found a sand-covered staircase.
  1584 | Ossuary  | Entered an ossuary
  1647 | Ossuary  | Reached skill level 11 in Fighting
  1677 | Ossuary  | HP: 5/60 [mummy (4)]
  1703 | Ossuary  | Identified a scroll of acquirement
  1704 | Ossuary  | Got a translucent glaive
  1705 | Ossuary  | Identified the +10 glaive of Goysug {protect, *Slow MP+9 Int+4 Dex+2} (You acquired it in an ossuary)
  1733 | Ossuary  | Reached skill level 3 in Armour
  1790 | D:7      | Found a flagged portal.
  1808 | Bailey   | Entered a bailey
  1827 | Bailey   | Shot with a bolt by an orc warrior

Skill      XL: |  1  2  3  4  5  6  7  8 |
---------------+-------------------------+-----
Fighting       | 4 6 7 8 10 11 | 11.0
Armour         | 3 |  3.9
Axes           | |  1.7
Dodging        | |  0.7
Invocations    | |  2.0

Action                   |  1- 3 |  4- 6 |  7- 9 || total
-------------------------+-------+-------+-------++-------
Melee: Mace              |    22 |    50 |   125 ||   197
       Glaive            |       |       |    28 ||    28
Throw: Javelin           |       |     1 |       ||     1
       Throwing net      |       |       |     1 ||     1
Invok: Depart the Abyss  |     1 |       |       ||     1
Evoke: Wand              |       |     5 |     4 ||     9
  Use: Scroll            |     2 |     7 |     8 ||    17
       Potion            |     2 |     1 |       ||     3
 Stab: Held in net/web   |       |       |     1 ||     1
  Eat: Chunk             |       |       |     3 ||     3
Armor: Leather armour    |     6 |    23 |    19 ||    48
       Chain mail        |       |       |    19 ||    19
       Ring mail         |       |       |     1 ||     1
       Plate armour      |       |       |    43 ||    43
Dodge: Dodged            |     8 |    21 |    41 ||    70

Table legend:
 A = Turns spent in this place as a percentage of turns spent in the entire game.
 B = Non-inter-level travel turns spent in this place as a percentage of non-inter-level travel turns spent in the entire game.
 C = Inter-level travel turns spent in this place as a percentage of turns spent in this place.
 D = Turns resting spent in this place as a percentage of non-inter-level travel turns spent in this place.
 E = Turns spent auto-exploring this place as a percentage of non-inter-level travel turns spent in this place.
 F = Non-inter-level travel turns spent in this place divided by the number of levels of this place that you've seen.
                   A       B       C       D       E      F
               +-------+-------+-------+-------+-------+----------------------
         Total | 100.0 | 100.0 |   2.6 |   0.0 |   0.0 | 127.1
       Dungeon |  78.8 |  78.2 |   3.3 |   0.0 |   0.0 | 198.7
         Abyss |  10.0 |  10.2 |   0.0 |   0.0 |   0.0 |  36.4
       Ossuary |  10.2 |  10.5 |   0.0 |   0.0 |   0.0 | 187.0
        Bailey |   1.0 |   1.1 |   0.0 |   0.0 |   0.0 |  19.0
               +-------+-------+-------+-------+-------+----------------------

Table legend:
 A = Kills in this place as a percentage of kills in entire the game.
 B = Kills by you in this place as a percentage of kills by you in the entire game.
 C = Kills by friends in this place as a percentage of kills by friends in the entire game.
 D = Other kills in this place as a percentage of other kills in the entire game.
 E = Experience gained in this place as a percentage of experience gained in the entire game.
 F = Experience gained in this place divided by the number of levels of this place that you have seen.
                   A       B       C       D       E      F
               +-------+-------+-------+-------+-------+----------------------
         Total | 100.0 | 100.0 | 100.0 |   N/A | 100.0 | 135.8
       Dungeon |  84.6 |  83.8 | 100.0 |   N/A |  87.7 | 238.1
       Ossuary |  14.1 |  14.9 |   0.0 |   N/A |  12.2 | 231.0
        Bailey |   1.3 |   1.4 |   0.0 |   N/A |   0.2 |   3.0
               +-------+-------+-------+-------+-------+----------------------

Vault maps used:
D:1:      tarquinn_simple_flora_water_b
D:2:      lemuel_crystal_altar, uniq_jessica
D:3:      lemuel_coloured_pillars_altar, uniq_robin
D:4:      serial_shops, nicolae_shop_waterfront, uniq_natasha
D:5:      gammafunk_temple_overflow_wave, first_ration,
          corexii_hall_statues_deadend, uniq_sigmund
D:6:      minmay_temple_entry_statues_fountains, serial_shops,
          nicolae_shop_trees
D:7:      nicolae_ossuary_entry_monument, enter_bailey_3, uniq_pikel
Abyss:4:  evilmike_abyss_exit_1, gammafunk_abyss_rune_reverse_zot, minivault_23,
          hangedman_decor_points
Abyss:5:  guppyfry_abyss_exit_imp_island, evilmike_abyss_exit_kraken,
          evilmike_nicolae_abyss_rune_containment_curve
Ossuary:  ossuary_crypta
Bailey:   bailey_polearm_2, bailey
